 Dungeon Crawl Stone Soup version 0.31-a0-210-gccc998df9b (webtiles) character file.

Game seed: 12499584427416454417

43 qw the Shooter (level 3, 0/21 HPs)
             Began as a Gargoyle Hexslinger on June 29, 2023.
             Was an Initiate of Okawaru.
             Slain by a gnoll
             ... wielding a +0 whip
              (4 damage)
             ... on level 2 of the Dungeon.
             The game lasted 00:00:30 (1073 turns).

qw the Shooter (Gargoyle Hexslinger)                Turns: 1073, Time: 00:00:30

Health: 0/21       AC:  9    Str: 11    XL:     3   Next: 58%
Magic:  4/4        EV: 11    Int: 13    God:    Okawaru [......]
Gold:   87         SH:  0    Dex: 14    Spells: 3/4 levels left

rFire   . . .        Y - +1 sling
rCold   . . .        (no shield)
rNeg    + . .        g - +0 leather armour
rPois   inf          (no helmet)
rElec   +            (no cloak)
rCorr   .            (no gloves)
SInv    .            d - +2 pair of boots
Will    .....        (no amulet)
Stlth   +            (no ring)
HPRegen 0.23/turn    (no ring)
MPRegen 0.09/turn

%: no passive effects
@: no status effects
A: sickness immunity, AC +3, negative energy resistance 1, electricity
resistance, torment resistance 1, petrification resistance
a: Renounce Religion


You were on level 2 of the Dungeon.
You worshipped Okawaru.
Okawaru was noncommittal.
You visited 1 branch of the dungeon, and saw 2 of its levels.

You collected 87 gold pieces.


Innate Abilities, Weirdness & Mutations

You are immune to sickness and miasma.
Your stone body is resilient. (AC +3)
You are immune to poison.
You resist negative energy. (rN+)
You are resistant to electric shocks. (rElec)
You are resistant to unholy torment.
You are immune to petrification.


   Skills:
 - Level 2.0 Fighting
 + Level 3.5 Ranged Weapons
 - Level 1.5 Dodging
 - Level 1.0 Spellcasting
 - Level 2.6 Hexes


You had 3 spell levels left.
You knew the following spells:

 Your Spells              Type           Power      Damage    Failure   Level
a - Slow                  Hex            28%        N/A       12%         1

Your spell library contained the following spells:

 Spells                   Type           Power      Damage    Failure   Level
 Inner Flame              Hex/Fire       4%         N/A       54%         3
 Portal Projectile        Hex/Tloc       8%         N/A       54%         3
 Cause Fear               Hex            3%         N/A       77%         4

Inventory:

Hand Weapons
 Y - a +1 sling (weapon)
Armour
 d - a +2 pair of boots (worn)
 g - a +0 leather armour (worn)
Jewellery
 a - a ring of ice
Scrolls
 b - a scroll of brand weapon {unknown}
 h - a scroll of immolation {unknown}
Potions
 c - a potion of cancellation {unknown}
 e - a potion of curing {unknown}
 f - a potion of degeneration {unknown}
 i - a potion of invisibility {unknown}
 j - a potion of attraction {unknown}

Dungeon Overview and Level Annotations

Branches:
Dungeon (2/15)

Altars:
Okawaru


Message History

The gnoll barely misses you. The gnoll closely misses you.
You shoot a sling bullet.
The sling bullet closely misses the gnoll.
The gnoll barely misses you.
The gnoll hits you but does no damage. x2
You shoot a sling bullet. The sling bullet hits the gnoll.
The gnoll is heavily wounded.
The gnoll barely misses you. The gnoll hits you but does no damage.
The gnoll hits you with a +0 whip.
You shoot a sling bullet.
The sling bullet closely misses the gnoll.
The gnoll hits you but does no damage. x2; The gnoll hits you with a +0 whip.
The gnoll hits you but does no damage. The gnoll completely misses you.
The gnoll hits you but does no damage.
You shoot a sling bullet.
The sling bullet barely misses the gnoll.
The gnoll hits you but does no damage. The gnoll barely misses you.
The gnoll hits you but does no damage.
You shoot a sling bullet. The sling bullet hits the gnoll.
The gnoll is severely wounded.
The gnoll hits you but does no damage. The gnoll hits you with a +0 club.
The gnoll hits you with a +0 whip.
You shoot a sling bullet.
The sling bullet barely misses the gnoll.
The gnoll misses you. The gnoll hits you but does no damage.
The gnoll completely misses you.
You shoot a sling bullet. The sling bullet hits the gnoll.
The gnoll is almost dead.
The gnoll hits you but does no damage. The gnoll barely misses you.
The gnoll hits you but does no damage. x2
The gnoll hits you from afar with a +0 spear.
The gnoll hits you but does no damage.
You shoot a sling bullet.
The sling bullet completely misses the gnoll.
The gnoll closely misses you. The gnoll hits you but does no damage.
The gnoll closely misses you.
You shoot a sling bullet. The sling bullet hits the gnoll.
You kill the gnoll!
Okawaru accepts your kill. The gnoll hits you with a +0 whip.
You die...

......#.........# #..<.##
.#...#.#.##.#...##########.#.####
.##.##.#.#..............##......#
.......#.#..##.########..........
.##.####.#..##.# ######.##..
....# #.#..##<### #.##.. #####
#.#.......# #########
#.#...###.#### ......... #...
#@)..# ##.####.# #.# #g#### #.#
#.# #. g<# #. +.+ #.# # .###
#.####.##+#.# .. #...........# .#
#.####.##'#.# .# #.#..#.#..#.# .#
#.#..'.'..#.# #.#+##.####.#


You could see 2 gnolls.

Vanquished Creatures
  A gnoll (D:2)
  An adder (D:2)
  A dart slug (D:1)
  2 ball pythons
  5 bats
  6 endoplasms
  A giant cockroach (D:2)
  3 goblins
  3 hobgoblins
  3 quokkas
  A frilled lizard (D:1)
  4 rats
31 creatures vanquished.

Notes
Turn   | Place    | Note
-------+----------+-------------------------------------------
     0 | D:1      | qw the Gargoyle Hexslinger began the quest for the Orb.
     0 | D:1      | Reached XP level 1. HP: 12/12 MP: 2/2
     0 | D:1      | 0 ||| qw: Version: 0.3-a-24-g62f9e04
     0 | D:1      | 0 ||| qw: Game counter: 6723
     0 | D:1      | 0 ||| qw: Melee chars always use a shield: true
     0 | D:1      | 0 ||| qw: God list: Okawaru
     0 | D:1      | 0 ||| qw: Allow faded altars: false
     0 | D:1      | 0 ||| qw: Do Orc after clearing Dungeon:15 true
     0 | D:1      | 0 ||| qw: Do second Lair branch before Depths: true
     0 | D:1      | 0 ||| qw: Lair rune preference: random
     0 | D:1      | 0 ||| qw: Goals: Normal
     0 | D:1      | 0 ||| PLANNING D:1-11
   140 | D:1      | Reached XP level 2. HP: 16/16 MP: 3/3
   326 | D:1      | Reached skill level 3 in Ranged Weapons
   501 | D:1      | 501 ||| FLEEEEING.
   502 | D:1      | 502 ||| FLEEEEING.
   503 | D:1      | 503 ||| FLEEEEING.
   617 | D:1      | 617 ||| UPGRADING to +2 pair of boots.
   622 | D:1      | 622 ||| UPGRADING to +0 leather armour.
   632 | D:1      | 632 ||| DROPPING +0 robe.
   633 | D:1      | 633 ||| READING scroll labelled FOBERIWOF.
   634 | D:1      | 634 ||| READING scroll labelled JAISSEC JOAX.
   635 | D:1      | 635 ||| READING scroll labelled QACOIT MOIREUM.
   640 | D:1      | 640 ||| DROPPING scroll of poison.
   657 | D:2      | Found an iron altar of Okawaru.
   658 | D:2      | 658 ||| PLANNING OKAWARU WORSHIP
   658 | D:2      | 658 ||| STAIRDANCE
   666 | D:2      | Became a worshipper of Warmaster Okawaru
   667 | D:2      | 667 ||| PLANNING D:1-11
   696 | D:2      | Reached XP level 3. HP: 21/21 MP: 4/4
  1069 | D:2      | HP: 5/21 [gnoll/+0 whip (3)]
  1073 | D:2      | Slain by a gnoll

Levels and vault maps discovered:
D:1:      eino_arrival_cavern_e, layout_basic
D:2:      minmay_door_path, layout_loops_ring, basic_altar,
          amcnicky_mini_corridor_feature, minmay_pentomino_q4

Skill      XL: |  1  2 |
---------------+-------+-----
Ranged Weapons | 3 |  3.5
Fighting       | 2 |  2.0
Dodging        | |  1.5
Spellcasting   | |  1.0
Hexes          | |  2.6

Action                     || total
---------------------------++-------
   Fire: Sling             ||   109
    Use: Scroll            ||     3
 Armour: Robe              ||     5
         Leather armour    ||    37
  Dodge: Dodged            ||    35

Table legend:
 A = Non-vault XP
 B = Vault XP
 C = Vault XP percentage of total XP
 D = Non-vault monster count
 E = Vault monster count
 F = Vault count percentage of total count
                 A         B        C        D         E       F
            +---------+---------+-------+---------+---------+-------
      Total |      60 |      17 |  22.1 |      28 |       3 |   9.7
            +---------+---------+-------+---------+---------+-------
        D:1 |      33 |       0 |   0.0 |      18 |       0 |   0.0
        D:2 |      27 |      17 |  38.6 |      10 |       3 |  23.1
            +---------+---------+-------+---------+---------+-------
